 Dungeon Crawl Stone Soup version 0.29.1-1-gd02db6906a (webtiles) character file.

Game seed: 790211941576338102

303 LustLizard the Slasher (level 6, -3/48 HPs)
             Began as a Demonspawn Fighter on Oct 4, 2022.
             Succumbed to Crazy Yiuf's poison
             ... on level 4 of the Dungeon.
             The game lasted 00:06:05 (3795 turns).

LustLizard the Slasher (Demonspawn Fighter)         Turns: 3795, Time: 00:06:06

Health: -3/48      AC: 11    Str: 17    XL:     6   Next: 15%
Magic:  2/6        EV:  9    Int:  9    God:
Gold:   16         SH:  5    Dex: 14    Spells: 5/5 levels left

rFire   . . .      SeeInvis .   a - +0 long sword
rCold   . . .      Faith    .   c - +0 buckler
rNeg    + . .      Spirit   .   b - +0 scale mail
rPois   .          Reflect  .   p - +0 hat
rElec   +          Harm     .   y - +2 cloak
rCorr   .          Rampage  .   (no gloves)
Will    +....                   l - +0 pair of boots
Stlth   ..........              (no amulet)
HPRegen 0.16/turn               B - ring "Qiddenui" {rElec rN+}
MPRegen 0.10/turn               r - ring of willpower

@: mighty, lethally poisoned (-3 -> -19)
A: demonic magic 1, demonic touch 2
a: no special abilities


You were on level 4 of the Dungeon.
You visited 1 branch of the dungeon, and saw 5 of its levels.

You collected 178 gold pieces.
You spent 162 gold pieces at shops.

Inventory:

Hand Weapons
 a - a +0 long sword (weapon)
Missiles
 m - 3 poisoned darts (quivered)
Armour
 b - a +0 scale mail (worn)
 c - a +0 buckler (worn)
 l - a +0 pair of boots (worn)
 p - a +0 hat (worn)
 v - a +2 robe of willpower
 y - a +2 cloak (worn)
Jewellery
 i - a ring of flight
 r - a ring of willpower (right hand)
 s - a ring of positive energy
 B - the ring "Qiddenui" (left hand) {rElec rN+}
   (You found it on level 3 of the Dungeon)

   [ring of positive energy]

   rElec:     It insulates you from electricity.
   rN:        It protects you from negative energy.
Scrolls
 g - 2 scrolls of enchant armour {unknown}
 n - 5 scrolls of identify {unknown}
 q - 2 scrolls of teleportation {unknown}
 t - a scroll of noise {unknown}
 w - 2 scrolls of fear {unknown}
 x - a scroll of blinking {unknown}
 z - a scroll of fog {unknown}
 A - 3 scrolls of amnesia {unknown}
Potions
 d - 5 potions of might
 e - 2 potions of attraction {unknown}
 f - a potion of resistance {unknown}
 h - 5 potions of curing {unknown}
 j - a potion of brilliance {unknown}
 k - a potion of haste {unknown}
 o - a potion of flight {unknown}
 u - a potion of degeneration {unknown}
 C - a potion of heal wounds {unknown}


   Skills:
 + Level 4.0 Fighting
 * Level 4.0 Long Blades
 + Level 3.6 Armour
 + Level 3.6 Shields


You had 5 spell levels left.
You didn't know any spells.
Your spell library contained the following spells:

 Spells                   Type           Power      Damage    Failure   Level
 Sting                    Tmut/Pois      0%         1d3       87%         1
 Spider Form              Tmut/Pois      0%         N/A       99%         3
 Corpse Rot               Necr/Pois/Air  0%         N/A       100%        4
 Olgreb's Toxic Radiance  Pois           0%         N/A       100%        4
 Alistair's Intoxication  Tmut/Pois      0%         N/A       100%        5


Dungeon Overview and Level Annotations

Branches:
Dungeon (5/15)
 Temple: D:4-7

Altars:
Cheibriados
Gozag
Makhleb
Ru
Trog

Shops:
D:3 *   D:4 *(*!

Annotations:
D:4 Crazy Yiuf


Innate Abilities, Weirdness & Mutations

Spells you cast may paralyse adjacent enemies.
Your touch may inflict irresistible damage on your foes.


Message History

Crazy Yiuf hits you with a +4 quarterstaff of chaos!
Crazy Yiuf freezes you. Crazy Yiuf hits you but does no damage.
You are poisoned.
You hit Crazy Yiuf but do no damage.
Crazy Yiuf is heavily wounded.
You feel sick. You block Crazy Yiuf's attack.
You hit Crazy Yiuf but do no damage.
Crazy Yiuf is heavily wounded.
You feel sick.
Crazy Yiuf hits you with a +4 quarterstaff of chaos.
Crazy Yiuf freezes you.
You barely miss Crazy Yiuf.
Crazy Yiuf is heavily wounded.
You feel sick. Crazy Yiuf closely misses you.
You barely miss Crazy Yiuf.
Crazy Yiuf is heavily wounded.
You feel sick.
You are no longer poisoned.
Crazy Yiuf laughs, "Tonal!"
Crazy Yiuf barely misses you.
Crazy Yiuf hits you with a +4 quarterstaff of chaos.
* * * LOW HITPOINT WARNING * * *
You are poisoned.
You hit Crazy Yiuf but do no damage.
Crazy Yiuf is heavily wounded.
* * * LOW HITPOINT WARNING * * *
You feel very sick.
Crazy Yiuf hits you with a +4 quarterstaff of chaos.
* * * LOW HITPOINT WARNING * * *
Crazy Yiuf freezes you.
* * * LOW HITPOINT WARNING * * *
You feel very mighty all of a sudden.
* * * LOW HITPOINT WARNING * * *
You feel sick.
Crazy Yiuf hits you with a +4 quarterstaff of chaos.
* * * LOW HITPOINT WARNING * * *
You are more poisoned.
You hit Crazy Yiuf but do no damage.
Crazy Yiuf is heavily wounded.
You die...

.........).........'.........'...
.....##.#####...####.........####
....###.# #.......##.......## #
........# ##############..##
.######## #.## .# ### .# ###
###### .# #)..### ##....## ### .#
#...g@####.P....# #.. .#
#...##..#.P.....# #.# )# ###
###.#......# ##.# .# #######..#
#... .# ##.###... .#
######........ ## #.......######
#########


You could see Crazy Yiuf.

Vanquished Creatures
  An ogre (D:4)
  A necrophage (D:4)
  A howler monkey (D:4)
  An orc wizard (D:4)
  3 adders
  2 worms (D:2)
  A dart slug (D:1)
  5 orcs
  4 endoplasms
  4 giant cockroaches
  6 goblins
  5 hobgoblins
  2 quokkas
  7 ball pythons
  9 bats
  4 frilled lizards
  6 kobolds
  5 rats
67 creatures vanquished.

Notes
Turn   | Place    | Note
-------+----------+-------------------------------------------
     0 | D:1      | LustLizard the Demonspawn Fighter began the quest for the
                  | Orb.
     0 | D:1      | Reached XP level 1. HP: 18/18 MP: 1/1
   236 | D:1      | Gained mutation: Spells you cast may paralyse adjacent
                  | enemies. [demonic ancestry]
   236 | D:1      | Reached XP level 2. HP: 19/24 MP: 2/2
  1073 | D:2      | Gained mutation: Your touch may inflict minor irresistible
                  | damage on your foes. [demonic ancestry]
  1073 | D:2      | Reached XP level 3. HP: 29/29 MP: 3/3
  1175 | D:2      | Found a faded altar of an unknown god.
  1807 | D:3      | Reached XP level 4. HP: 35/35 MP: 4/4
  1822 | D:3      | Got the Encyclopedia of Blight
  2022 | D:3      | Found a burning altar of Makhleb.
  2022 | D:3      | Found a snail-covered altar of Cheibriados.
  2069 | D:3      | You are sucked into a shaft and drop 2 floors!
  2069 | D:5      | Entered Level 5 of the Dungeon
  2189 | D:4      | Found Duigeh's Assorted Antiques.
  2194 | D:4      | Bought a smoky white potion for 22 gold pieces
  2194 | D:4      | Bought a scroll labelled CUVIGA ECUASOWN for 25 gold pieces
  2249 | D:4      | Found Oplaenee's Distillery.
  2325 | D:4      | Noticed an ogre
  2338 | D:4      | Killed an ogre
  2339 | D:4      | Gained mutation: Your touch may inflict irresistible damage
                  | on your foes. [demonic ancestry]
  2339 | D:4      | Reached XP level 5. HP: 42/42 MP: 5/5
  2623 | D:4      | Found a runed translucent door.
  2624 | D:4      | Noticed Crazy Yiuf
  2734 | D:3      | Found Qyimuu's Assorted Antiques.
  2739 | D:3      | Bought 2 smoky white potions for 27 gold pieces
  2739 | D:3      | Bought a scroll labelled ZALAAZANYD for 15 gold pieces
  2739 | D:3      | Bought a scroll labelled SUEPPA COUWAMP for 15 gold pieces
  2739 | D:3      | Bought a scroll labelled JOIPIMUTW DACS for 15 gold pieces
  2874 | D:3      | Found a bloodstained altar of Trog.
  2883 | D:3      | Found a sacrificial altar of Ru.
  3116 | D:3      | Identified the ring "Qiddenui" {rElec rN+}
  3305 | D:4      | Found Sagiqo's Weapon Shop.
  3409 | D:4      | Found Ginyeddi's Assorted Antiques.
  3419 | D:4      | Bought a grey potion for 20 gold pieces
  3419 | D:4      | Bought a scroll labelled ZALAAZANYD for 23 gold pieces
  3447 | D:4      | Found an opulent altar of Gozag.
  3585 | D:4      | Reached XP level 6. HP: 44/48 MP: 6/6
  3794 | D:4      | HP: 1/48 [Crazy Yiuf/+4 quarterstaff of chaos (4)]
  3795 | D:4      | Succumbed to Crazy Yiuf's poison

Illustrated notes

Levels and vault maps discovered:
D:1:      nzn_arrival_settlement, layout_basic
D:2:      layout_loops_ring, ebering_ecumenical_altar_box,
          minmay_misc_feat_doors, minmay_misc_feat_cross, nicolae_eternal_life
D:3:      layout_loops_ring, mainiacjoe_overflow_swirl,
          gammafunk_temple_overflow_elements, serial_shops,
          nicolae_diamond_shop, kennysheep_generic_room_6
D:4:      layout_loops_corners, nicolae_gozag_seed_capital, serial_shops,
          nicolae_shop_trees, nicolae_shop_bloodbath_and_beyond, shop,
          chequers_mini_garden, minmay_shop_grid_forest,
          hangedman_abyss_or_decor_stagger, minmay_crystal_water,
          uniq_crazy_yiuf_cottage
D:5:      layout_cave_pools, uniq_edmund

Skill      XL: |  1  2  3  4  5 |
---------------+----------------+-----
Long Blades    | 2 3 4 |  4.0
Armour         | 3 |  3.6
Shields        | 3 |  3.6
Fighting       | 4 |  4.0

Action                   |  1- 3 |  4- 6 || total
-------------------------+-------+-------++-------
Melee: Long sword        |   130 |   103 ||   233
Throw: Dart              |     3 |     3 ||     6
  Use: Potion            |       |     1 ||     1
Armor: Scale mail        |    70 |    39 ||   109
Dodge: Dodged            |    53 |    43 ||    96
Block: Buckler           |    41 |    21 ||    62
